 Dungeon Crawl Stone Soup version 0.28.0-53-g5a82cb258f (webtiles) character file.

Game seed: 14339404579792361604

184 Zeld the Skirmisher (level 5, -3/48 HPs)
             Began as a Minotaur Berserker on May 24, 2022.
             Was a Believer of Trog.
             Slain by a gnoll
             ... wielding a +0 whip
              (6 damage)
             ... in the Ecumenical Temple.
             The game lasted 00:02:37 (3727 turns).

Zeld the Skirmisher (Minotaur Berserker)            Turns: 3727, Time: 00:02:37

Health: -3/48      AC:  4    Str: 24    XL:     5   Next: 36%
Magic:  4/4        EV: 12    Int:  7    God:    Trog [**....]
Gold:   128        SH:  0    Dex:  7    Spells: 4/4 levels left

rFire   . . .      SeeInvis .   a - +0 war axe
rCold   . . .      Faith    .   (no shield)
rNeg    . . .      Spirit   .   b - +0 animal skin
rPois   .          Reflect  .   (helmet restricted)
rElec   +          Harm     .   n - +0 cloak
rCorr   .          Rampage  .   k - +0 pair of gloves
Will    +....                   (no boots)
Stlth   +.........              (no amulet)
HPRegen 0.16/turn               m - ring "Gobempa" {rElec Will+ Int+3 Dex-2}
MPRegen 0.09/turn               (no ring)

@: no status effects
A: horns 2, retaliatory headbutt
a: Renounce Religion, Berserk, Trog's Hand


You were in the Ecumenical Temple.
You worshipped Trog.
Trog was pleased with you.
You visited 2 branches of the dungeon, and saw 5 of its levels.

You collected 128 gold pieces.

Inventory:

Hand Weapons
 a - a +0 war axe (weapon)
Armour
 b - a +0 animal skin (worn)
 k - a +0 pair of gloves (worn)
 n - a +0 cloak (worn)
Jewellery
 m - the ring "Gobempa" (left hand) {rElec Will+ Int+3 Dex-2}
   (You took it off a hobgoblin on level 3 of the Dungeon)

   [ring of willpower]

   Int:       It affects your intelligence (+3).
   Dex:       It affects your dexterity (-2).
   rElec:     It insulates you from electricity.
   Will:      It increases your willpower.
Wands
 i - a wand of digging (5)
Scrolls
 c - 5 scrolls of identify {unknown}
 d - a scroll of silence {unknown}
 h - a scroll of holy word {unknown}
 l - a scroll of teleportation {unknown}
 o - a scroll of amnesia {unknown}
 q - 2 scrolls of noise {unknown}
Potions
 e - a potion of might {unknown}
 f - a potion of berserk rage {unknown}
 g - a potion of invisibility {unknown}
 j - 2 potions of magic {unknown}
 p - a potion of attraction {unknown}


   Skills:
 * Level 5.2 Fighting
 * Level 5.1 Axes
 + Level 3.5 Armour
 + Level 3.2 Dodging


You had 4 spell levels left.
You didn't know any spells.
Your spell library was empty.

Dungeon Overview and Level Annotations

Branches:
Dungeon (4/15)             Temple (1/1) D:4

Altars:


Innate Abilities, Weirdness & Mutations

You have a pair of horns on your head.
You reflexively headbutt those who attack you in melee.


Message History

You hit the gnoll.
The gnoll is severely wounded.
The gnoll hits you with a +0 whip.
You hit the gnoll. Your headbutt misses the gnoll.
The gnoll is moderately wounded.
You slash the gnoll! The gnoll closely misses you.
The gnoll hits you with a +0 whip. The gnoll hits you with a +0 whip!
The gnoll barely misses you.
The gnoll hits you from afar with a +0 halberd.
You are too injured to fight recklessly!
You are too injured to fight recklessly!
Unknown command.
There is a staircase to the Ecumenical Temple here.
The gnoll hits you with a +0 whip!
* * * LOW HITPOINT WARNING * * *
The gnoll hits you with a +0 whip.
* * * LOW HITPOINT WARNING * * *
The gnoll barely misses you.
You climb downwards.
Welcome to the Ecumenical Temple!
There is a staircase back to the Dungeon here.
Unknown command.
You hit the gnoll but do no damage.
The gnoll is moderately wounded.
You closely miss the gnoll. The gnoll hits you with a +0 whip.
* * * LOW HITPOINT WARNING * * *
The gnoll closely misses you.
Unknown command.
Unknown command.
You closely miss the gnoll.
The gnoll is moderately wounded.
You closely miss the gnoll. The gnoll hits you with a +0 whip.
* * * LOW HITPOINT WARNING * * *
The gnoll misses you.
Unknown command.
Unknown command.
You slash the gnoll!
You kill the gnoll!
Trog accepts your kill.
You hit the gnoll but do no damage. The gnoll hits you with a +0 whip.
You die...

#####
##...##
##.....##
#..g....#
#...@...#
#...)...#
##.....##
##...#+
#+###


You could see a gnoll.

Vanquished Creatures
  An orc priest (D:3)
  Crazy Yiuf (D:3)
  Ijyb (D:3)
  A gnoll (Temple)
  2 adders (D:2)
  2 worms
  7 orcs (D:3)
  10 endoplasms
  2 giant cockroaches
  13 goblins
  4 hobgoblins
  4 kobolds
  3 quokkas
  5 ball pythons
  3 bats
  2 frilled lizards
  5 rats
66 creatures vanquished.

Notes
Turn   | Place    | Note
-------+----------+-------------------------------------------
     0 | D:1      | Zeld the Minotaur Berserker began the quest for the Orb.
     0 | D:1      | Reached XP level 1. HP: 19/19 MP: 0/0
   222 | D:1      | Found a faded altar of an unknown god.
   267 | D:1      | Reached XP level 2. HP: 22/27 MP: 1/1
  1346 | D:2      | Reached XP level 3. HP: 30/33 MP: 2/2
  2168 | D:3      | Reached XP level 4. HP: 41/41 MP: 3/3
  2175 | D:3      | Reached ** piety under Trog
  2177 | D:3      | Noticed Ijyb
  2189 | D:3      | Killed Ijyb
  2483 | D:3      | Reached skill level 5 in Fighting
  2483 | D:3      | Reached XP level 5. HP: 29/48 MP: 4/4
  2704 | D:3      | Reached skill level 5 in Axes
  2767 | D:3      | Identified the ring "Gobempa" {rElec Will+ Int+3 Dex-2}
  2950 | D:3      | Found a runed translucent door.
  2951 | D:3      | Noticed Crazy Yiuf
  3167 | D:3      | Killed Crazy Yiuf
  3174 | D:3      | HP: 1/48 [poisoned by Crazy Yiuf]
  3698 | D:4      | Found a staircase to the Ecumenical Temple.
  3724 | Temple   | Entered the Ecumenical Temple
  3726 | Temple   | HP: 2/48 [gnoll/+0 whip (2)]
  3727 | Temple   | Slain by a gnoll

Illustrated notes

Levels and vault maps discovered:
D:1:      minmay_arrival_wavy_path, layout_rooms,
          hellmonk_ecumenical_altar_leap_of_faith, wad_floor_pattern_2,
          feat_on_display
D:2:      layout_basic
D:3:      kennysheep_the_goblin_king, layout_loops_ring, chequers_garden,
          uniq_crazy_yiuf_cottage, uniq_ijyb
D:4:      layout_gridville, lemuel_round_altar, minmay_temple_entry_tees
Temple:   mainiacjoe_temple_hex_bubbles

Skill      XL: |  1  2  3  4  5 |
---------------+----------------+-----
Fighting       | 4 5 |  5.2
Axes           | 4 5 |  5.1
Armour         | 3 |  3.5
Dodging        | 3 |  3.2

Action                   |  1- 3 |  4- 6 || total
-------------------------+-------+-------++-------
Melee: Hand axe          |    91 |    43 ||   134
       Headbutt          |    12 |     7 ||    19
       Punch             |     1 |       ||     1
       War axe           |       |    18 ||    18
Invok: Berserk           |       |     1 ||     1
Armor: Animal skin       |    14 |     7 ||    21
Dodge: Dodged            |    62 |    39 ||   101
